 Dungeon Crawl Stone Soup version 0.20-a0-823-gdec668e (webtiles) character file.

7192 Aksej the Covert (level 11, 0/77 HPs)
             Began as an Octopode Venom Mage on Mar 5, 2017.
             Was a Priest of Wu Jian.
             Slain by luab's ghost (32 damage)
             ... on level 10 of the Dungeon.
             The game lasted 00:31:24 (8298 turns).

Aksej the Covert (Octopode Venom Mage)              Turns: 8298, Time: 00:31:24

Health: 0/77       AC:  1    Str:  9    XL:     11   Next: 11%
Magic:  14/18      EV: 16    Int: 19    God:    Wu Jian [***...]
Gold:   424        SH:  0    Dex: 15    Spells: 10/19 levels left

rFire    + . .     SeeInvis +   a - +8 short sword (speed)
rCold    . . .     Gourm    .   (no shield)
rNeg     + . .     Faith    .   (helmet restricted)
rPois    +         Spirit   .   e - amulet of regeneration
rElec    .         Reflect  .   f - ring of see invisible
rCorr    .         Harm     .   g - ring of positive energy
MR       .....     Rnd*Tele +   o - ring of flight
Stlth    ++++++....             H - ring of wizardry
Regen    1.1/turn               (no ring)
MPRegen  0.2/turn               (no ring)
                                (no ring)
                                (no ring)

@: no status effects
A: almost no armour, stealthy swim, amphibious, 8 rings, constrict 8, camouflage
1, blink, clever 1, fire resistance 1, mutation resistance 1, poison resistance,
regeneration 1, robust 1, teleportitis 1, gelatinous body 1
a: Blink, Renounce Religion, Evoke Flight


You were on level 10 of the Dungeon.
You worshipped Wu Jian.
Wu Jian was most pleased with you.
You were not hungry.

You visited 2 branches of the dungeon, and saw 12 of its levels.

You collected 658 gold pieces.
You spent 234 gold pieces at shops.

Inventory:

Hand Weapons
 a - a +8 short sword of speed (weapon)
 b - a +1 scimitar of flaming
Missiles
 z - 16 tomahawks (quivered)
Jewellery
 e - an amulet of regeneration (around mantle)
 f - a ring of see invisible (left tentacle)
 g - a ring of positive energy (right tentacle)
 o - a ring of flight (on tentacle)
 H - a ring of wizardry (on tentacle)
Wands
 h - a wand of flame (28/48)
 u - a wand of digging (18/24)
 x - a wand of acid (0/15)
 y - a wand of iceblast (8/15)
 D - a wand of lightning (7/15)
 F - a wand of confusion (39/48)
Scrolls
 d - 2 scrolls of fear
 k - 8 scrolls of identify
 n - 4 scrolls of teleportation
 p - 5 scrolls of remove curse
 q - a scroll of fog
 r - 4 scrolls of amnesia
 s - 2 scrolls of recharging
Potions
 i - 4 potions of brilliance
 m - a potion of resistance
 t - a potion of ambrosia
 v - a potion of curing
 w - a potion of might
 A - 2 potions of lignification
 I - a potion of cancellation
Books
 j - a Young Poisoner's Handbook

   Spells                             Type                      Level
   a - Sting                          Conjuration/Poison           1
   b - Poisonous Vapours              Poison/Air                   2
   c - Mephitic Cloud                 Conjuration/Poison/Air       3
   d - Olgreb's Toxic Radiance        Poison                       4
   e - Venom Bolt                     Conjuration/Poison           5
 C - a book of Conjurations

   Spells                             Type                      Level
   a - Magic Dart                     Conjuration                  1
   b - Searing Ray                    Conjuration                  2
   c - Dazzling Spray                 Conjuration/Hexes            3
   d - Fulminant Prism                Conjuration/Hexes            4
   e - Force Lance                    Conjuration/Translocation    4
   f - Iskenderun's Mystic Blast      Conjuration                  4
Comestibles
 c - 6 meat rations
 l - 2 royal jellies
 B - 6 bread rations
 G - 5 chunks of flesh


   Skills:
 + Level 4.5 Fighting
 * Level 10.4 Short Blades
 + Level 0.4 Throwing
 + Level 4.9 Dodging
 + Level 10.5 Stealth
 + Level 3.6 Unarmed Combat
 + Level 4.7 Spellcasting
 + Level 3.7 Conjurations
 + Level 1.4 Air Magic
 + Level 6.4 Poison Magic


You had 10 spell levels left.
You knew the following spells:

 Your Spells              Type           Power        Failure   Level  Hunger
a - Sting                 Conj/Pois      ###.         1%          1    None
b - Mephitic Cloud        Conj/Pois/Air  ###.....     4%          3    ##.....
c - Venom Bolt            Conj/Pois      ###.......   22%         5    ######.


Dungeon Overview and Level Annotations

Branches:
Dungeon (11/15)            Temple (1/1) D:7            Lair (0/6) D:10
    Orc (0/2) D:9

Altars:
Ashenzari
Cheibriados
Dithmenos
Elyvilon
Fedhas
Gozag
Makhleb
Nemelex Xobeh
Qazlal
Ru
Sif Muna
Trog
Uskayaw
Vehumet
Wu Jian
Xom
Yredelemnul
Zin
The Shining One

Shops:
D:4 :*   D:6 ?

Annotations:
D:10 luab's ghost, novice TrBe


Innate Abilities, Weirdness & Mutations

You cannot wear most types of armour.
You are very stealthy in the water. (Stealth+)
You are amphibious.
You can wear up to eight rings at the same time.
You can use your tentacles to constrict eight enemies at once.
Your skin changes colour to match your surroundings (Stealth+).
Your rubbery body absorbs attacks. (AC +1, EV +1)
You can translocate small distances at will.
Your mind is acute. (Int +2)
Your flesh is heat resistant. (rF+)
You are somewhat resistant to further mutation.
Your system is resistant to poisons. (rPois)
Your natural rate of healing is unusually fast.
You are robust. (+10% HP)
You are occasionally teleported next to monsters.


Message History

Luab's ghost is heavily damaged.
Luab's ghost hits you.
You hit luab's ghost. You squeeze luab's ghost.
Luab's ghost is heavily damaged.
You puncture luab's ghost!
Luab's ghost is heavily damaged.
Luab's ghost hits you!!
You closely miss luab's ghost.
Luab's ghost is heavily damaged.
You hit luab's ghost but do no damage.
Luab's ghost is heavily damaged.
You puncture luab's ghost! You squeeze luab's ghost!
Luab's ghost is severely damaged.
Luab's ghost hits you!
You hit luab's ghost.
Luab's ghost is almost destroyed.
You puncture luab's ghost!
Luab's ghost is almost destroyed.
Luab's ghost hits you!!
You die...

########### ..........#
..........# #######
..........# ######......
..........###....'[.....
.[....W...##..####......
.......@.....## #......
..........#### #......
####.###### #...... #
#...... #.. ###'### #.#
#.# . #.# #.# #.# #.#
#.#
....#######'##########
#.#


You could see luab's ghost.

Vanquished Creatures
  Erica (D:8)
  The ghost of aves the Cleaver, a novice DsFi of Qazlal (D:7)
  Maurice (D:8)
  Psyche (D:8)
  4 yaks (D:10)
  2 wargs (D:9)
  A water moccasin (D:9)
  An ice beast (D:6)
  3 orc warriors (D:9)
  5 sky beasts
  3 black bears
  A necrophage (D:8)
  A phantom (D:6)
  5 centaurs
  2 ogres
  A crocodile (D:9)
  2 big kobolds (D:9)
  4 bullfrogs
  A wyvern skeleton (D:9)
  A scorpion (D:4)
  3 howler monkeys (D:8)
  A crimson imp (D:5)
  3 hounds
  3 bullfrog zombies
  5 orc priests
  A centaur zombie (D:8)
  4 bullfrog skeletons
  A gnoll shaman (D:8)
  12 orc wizards
  3 iguanas
  13 worker ants
  A killer bee zombie (D:6)
  3 hound zombies
  7 hound skeletons
  6 worker ant zombies
  5 gnolls (D:8)
  16 adders
  2 howler monkey skeletons
  2 shadow imps
  An ooze (D:2)
  An adder skeleton (D:6)
  5 adder zombies
  3 worms
  4 dart slugs
  10 leopard geckos
  55 orcs
  2 ball pythons
  9 giant cockroaches (D:2)
  10 goblins
  10 hobgoblins
  11 jackals
  22 kobolds
  4 quokkas
  A ball python skeleton (D:5)
  8 bats
  8 frilled lizards
  A giant cockroach zombie (D:6)
  2 jackal zombies (D:6)
  2 leopard gecko zombies (D:6)
  A quokka zombie (D:6)
  8 rats
310 creatures vanquished.

Notes
Turn   | Place    | Note
-------+----------+-------------------------------------------
     0 | D:1      | Aksej the Octopode Venom Mage began the quest for the Orb.
     0 | D:1      | Reached XP level 1. HP: 11/11 MP: 3/3
   116 | D:1      | Reached XP level 2. HP: 16/17 MP: 3/5
   858 | D:1      | Reached XP level 3. HP: 21/21 MP: 6/6
  1196 | D:2      | Reached XP level 4. HP: 12/27 MP: 2/7
  1324 | D:2      | Reached skill level 1 in Unarmed Combat
  1387 | D:2      | Gained mutation: Your mind is acute. (Int +2) [potion of mutation]
  1387 | D:2      | Gained mutation: Your natural rate of healing is unusually fast. [potion of mutation]
  1387 | D:2      | Gained mutation: You can translocate small distances at will. [potion of mutation]
  1484 | D:2      | Reached XP level 5. HP: 30/32 MP: 5/8
  1998 | D:3      | Found a shattered altar of Ashenzari.
  2517 | D:3      | Reached skill level 5 in Stealth
  2520 | D:3      | Reached XP level 6. HP: 32/37 MP: 9/9
  2675 | D:4      | Found Ejeinid's Book Shop.
  2677 | D:4      | Found Maotzu's Assorted Antiques.
  2693 | D:4      | Reached skill level 1 in Fighting
  2766 | D:4      | Bought a scroll labeled WYCREO IZ DO ZEC for 25 gold pieces
  2766 | D:4      | Bought a bubbling brown potion for 22 gold pieces
  2766 | D:4      | Bought a dark potion for 22 gold pieces
  2766 | D:4      | Bought a scroll of remove curse for 75 gold pieces
  2845 | D:4      | Reached skill level 1 in Short Blades
  2845 | D:4      | Reached XP level 7. HP: 43/43 MP: 11/11
  2948 | D:4      | Learned a level 3 spell: Mephitic Cloud
  2954 | D:4      | Learned a level 5 spell: Venom Bolt
  3423 | D:5      | Entered Level 5 of the Dungeon
  3439 | D:5      | Reached skill level 5 in Poison Magic
  3444 | D:5      | Gained mutation: You are clumsy. (Dex -2) [mutagenic meat]
  3445 | D:5      | Gained mutation: You are robust. (+10% HP) [mutagenic meat]
  3446 | D:5      | Gained mutation: You occasionally shout uncontrollably at your foes. [mutagenic meat]
  3447 | D:5      | Gained mutation: You are occasionally teleported next to monsters. [mutagenic meat]
  3448 | D:5      | Gained mutation: You possess an exceptional clarity of mind. [mutagenic meat]
  3585 | D:5      | Reached XP level 8. HP: 10/55 MP: 12/12
  3775 | D:5      | Lost mutation: You are clumsy. (Dex -2) [potion of mutation]
  3775 | D:5      | Lost mutation: You occasionally shout uncontrollably at your foes. [potion of mutation]
  3775 | D:5      | Gained mutation: Your flesh is heat resistant. (rF+) [potion of mutation]
  3775 | D:5      | Gained mutation: Your system is resistant to poisons. (rPois) [potion of mutation]
  3775 | D:5      | Gained mutation: You are somewhat resistant to further mutation. [potion of mutation]
  3812 | D:5      | Lost mutation: You possess an exceptional clarity of mind. [mutagenic meat]
  3948 | D:5      | Got a pitted bone amulet
  4211 | D:5      | Reached skill level 5 in Short Blades
  4404 | D:5      | Identified the amulet "Mekeudy" {Inacc Fragile rN+ Int+4} (You found it on level 5 of the Dungeon)
  4660 | D:6      | Reached XP level 9. HP: 50/60 MP: 14/14
  5267 | D:6      | Found Ciffyn's Magic Scroll Shop.
  5279 | D:6      | Bought a scroll of enchant weapon for 90 gold pieces
  5682 | D:7      | Noticed aves's ghost (novice DsFi)
  5706 | D:7      | Killed aves's ghost
  5785 | D:7      | Found a staircase to the Ecumenical Temple.
  5791 | Temple   | Entered the Ecumenical Temple
  5891 | Temple   | Became a worshipper of the Wu Jian Council
  6203 | D:8      | Reached XP level 10. HP: 62/69 MP: 7/15
  6296 | D:8      | Noticed Maurice
  6309 | D:8      | Killed Maurice
  6537 | D:8      | Reached skill level 1 in Air Magic
  6542 | D:8      | Reached * piety under Wu Jian
  6600 | D:8      | Noticed Psyche
  6618 | D:8      | Noticed Erica
  6620 | D:8      | Killed Psyche
  6629 | D:8      | Killed Erica
  6968 | D:8      | You fall through a shaft for 3 floors!
  6973 | D:10     | Entered Level 10 of the Dungeon
  6977 | D:10     | Reached skill level 10 in Stealth
  7334 | D:9      | Reached ** piety under Wu Jian
  7361 | D:9      | Reached skill level 10 in Short Blades
  7484 | D:9      | Found a staircase to the Orcish Mines.
  7768 | D:9      | Reached XP level 11. HP: 60/77 MP: 17/17
  8040 | D:10     | Found a staircase to the Lair.
  8040 | D:10     | Noticed a death yak
  8040 | D:10     | Noticed a death yak
  8040 | D:10     | Noticed a death yak
  8213 | D:10     | Reached *** piety under Wu Jian
  8285 | D:10     | Noticed luab's ghost (novice TrBe)
  8298 | D:10     | Slain by luab's ghost

Vault maps used:
D:1:      onia_arrival_mini_maze_b, minmay_misc_feat_enclosed,
          minmay_tetromino_o2
D:2:      minmay_roachtagon, kennysheep_generic_room_14
D:3:      cheibrodos_ashenzari_chains, first_bread, kennysheep_generic_room_15
D:4:      cheibrodos_helix_gallery, serial_shops, shop, shop
D:5:      grunt_ministairs_11
D:6:      serial_shops, nicolae_shop_statue_plus, serial_undead,
          serial_undead_a, serial_undead_e, serial_undead_b, serial_undead_b,
          serial_undead_d, serial_undead_d, hangedman_decor_clover_reticule
D:7:      corexii_shack_village, minmay_temple_entry_statues_pillars
D:8:      uniq_maurice, uniq_psyche, uniq_erica
D:9:      erik_orc_3
D:10:     dpeg_lair_monsters, uniq_josephine
D:11:     serial_shops, nicolae_shop_crystal
Temple:   kilobyte_greek_temple

Skill      XL: |  1  2  3  4  5  6  7  8  9 10 |
---------------+-------------------------------+-----
Poison Magic   | 4 5 6 |  6.4
Stealth        | 3 4 5 6 7 9 10 | 10.5
Unarmed Combat | 1 2 3 |  3.6
Fighting       | 1 2 3 4 |  4.5
Conjurations   | 2 3 |  3.7
Short Blades   | 1 3 5 8 10 | 10.4
Dodging        | 3 4 |  4.9
Spellcasting   | 3 4 |  4.7
Air Magic      | 1 |  1.4
Throwing       | |  0.4

Action                   |  1- 3 |  4- 6 |  7- 9 | 10-12 || total
-------------------------+-------+-------+-------+-------++-------
Melee: Unarmed           |    57 |   165 |       |       ||   222
       Constrict         |    14 |    51 |    61 |    37 ||   163
       Tentacles         |     9 |    37 |    45 |    47 ||   138
       Punch             |       |     3 |     9 |     8 ||    20
       Dagger            |       |    22 |       |       ||    22
       Short sword       |       |    15 |   287 |   242 ||   544
Throw: Tomahawk          |       |       |       |     2 ||     2
 Cast: Sting             |    24 |    33 |    44 |    72 ||   173
       Mephitic Cloud    |       |       |     4 |     7 ||    11
Evoke: Wand              |       |       |       |     3 ||     3
  Use: Scroll            |     4 |     8 |    13 |     3 ||    28
       Potion            |     3 |     4 |     5 |     1 ||    13
 Stab: Sleeping          |     8 |    11 |    26 |     6 ||    51
       Distracted        |       |     1 |     1 |     1 ||     3
       Confused          |       |       |     1 |     2 ||     3
  Eat: Chunk             |     1 |     6 |    19 |     7 ||    33
Armor: Skin              |     7 |    18 |    10 |     6 ||    41
Dodge: Dodged            |    31 |   147 |   129 |    69 ||   376
